 Dungeon Crawl Stone Soup version 0.27-a0-59-gfbafd837a3 (webtiles) character file.

Game seed: 10317571040457875397

3876 Borgoz the Grappler (level 10, -2/84 HPs)
             Began as a Ghoul Abyssal Knight on Jan 8, 2021.
             Was an Elder of Lugonu.
             Slain by a gnoll
             ... wielding a +0 spear
              (4 damage)
             ... on level 9 of the Dungeon.
             The game lasted 00:11:02 (8335 turns).

Borgoz the Grappler (Ghoul Abyssal Knight)          Turns: 8335, Time: 00:11:03

Health: -2/84      AC:  5    Str: 17    XL:     10   Next: 19%
Magic:  14/14      EV: 15    Int:  7    God:    Lugonu [****..]
Gold:   161        SH:  0    Dex: 11    Spells: 12/15 levels left

rFire    . . .     SeeInvis .     - Unarmed
rCold    + . .     Faith    .   (no shield)
rNeg     + + +     Spirit   .   (no armour)
rPois    ∞         Reflect  .   h - +0 helmet
rElec    .         Harm     .   j - +2 cloak {Stlth+}
rCorr    .         Rampage  .   (no gloves)
Will     +....                  d - +0 pair of boots (curse)
Stlth    ..........             w - amulet of inaccuracy (curse)
HPRegen  0.00/turn              v - ring of willpower
MPRegen  0.14/turn              e - ring of attention (curse)

@: hasted, very quick
A: claws 1, cold resistance 1, negative energy resistance 3, inhibited
regeneration, torment resistance, unbreathing
a: Renounce Religion, Depart the Abyss, Bend Space, Banish, Corrupt


You were on level 9 of the Dungeon.
You worshipped Lugonu.
Lugonu was greatly pleased with you.
You visited 2 branches of the dungeon, and saw 10 of its levels.
You visited the Abyss 1 time.

You collected 311 gold pieces.
You spent 150 gold pieces at shops.

Inventory:

Armour
 b - a +2 pair of boots
 d - a cursed +0 pair of boots (worn)
 h - a +0 helmet (worn)
 i - a +0 plate armour of fire resistance
 j - a +2 cloak of stealth (worn)
 n - the +6 leather armour "Hovej" {*Slow rN+++ Int+2}
   (You found it on level 7 of the Dungeon)

   It affects your intelligence (+2).
   It renders you almost immune to negative energy.
   It may slow you when you take damage.
 r - a scarf of invisibility
 x - the +5 leather armour of Ennui {rPois rC+ Will+ Str-5}
   (You found it on level 9 of the Dungeon)

   It affects your strength (-5).
   It protects you from cold.
   It protects you from poison.
   It affects your willpower, your defense against some magical effects.
Jewellery
 c - an uncursed ring of resist corrosion
 e - a cursed ring of attention (right claw)
 t - a +6 ring of intelligence
 v - a ring of willpower (left claw)
 w - a cursed amulet of inaccuracy (around neck)
Wands
 o - a wand of iceblast (10)
 p - a wand of disintegration (13)
 q - a wand of polymorph (11)
Scrolls
 l - 4 scrolls of teleportation
 m - 2 scrolls of enchant weapon
 s - a scroll of identify
 u - a scroll of fear
Potions
 a - 2 potions of brilliance
 f - a potion of curing
 g - 2 potions of haste


   Skills:
 + Level 6.3 Fighting
 * Level 6.3 Armour
 * Level 6.1 Dodging
 * Level 8.2 Unarmed Combat
 + Level 3.4 Spellcasting
 + Level 3.4 Hexes
 - Level 2.0 Invocations


You had 12 spell levels left.
You knew the following spells:

 Your Spells              Type           Power        Failure   Level
a - Confusing Touch       Hex            6%           24%         3

Your spell library contained the following spells:

 Spells                   Type           Power        Failure   Level
 Corona                   Hex            6%           8%          1
 Animate Skeleton         Necr           2%           32%         1
 Apportation              Tloc           2%           32%         1
 Summon Small Mammal      Summ           4%           32%         1
 Gell's Gravitas          Tloc           0%           69%         3
 Petrify                  Tmut/Erth      1%           97%         4
 Metabolic Englaciation   Hex/Ice        1%           99%         5
 Yara's Violent Unravell  Hex/Tmut       1%           99%         5


Dungeon Overview and Level Annotations

Branches:
Dungeon (9/15)             Temple (1/1) D:5
   Lair: D:8-11         Orc: D:9-12

Altars:
Ashenzari
Cheibriados
Dithmenos
Elyvilon
Fedhas
Gozag
Hepliaklqana
Kikubaaqudgha
Makhleb
Nemelex Xobeh
Okawaru
Qazlal
Ru
Sif Muna
Trog
Uskayaw
Vehumet
Wu Jian
Xom
Yredelemnul
Zin
The Shining One

Shops:
D:4 :   D:6 *


Innate Abilities, Weirdness & Mutations

You thrive by killing the living.
You are immune to poison.
You have sharp fingernails.
Your flesh is cold resistant. (rC+)
You are immune to negative energy. (rN+++)
You do not regenerate when monsters are visible.
You are immune to unholy pain and torment.
You can survive without breathing.


Message History

You scratch the gnoll.
The gnoll is heavily wounded.
The killer bee misses you. The gnoll barely misses you.
The gnoll completely misses you.
The killer bee stings you but does no damage.
The gnoll hits you but does no damage.
You miss the gnoll.
The gnoll is heavily wounded.
The killer bee barely misses you. The killer bee misses you.
The killer bee closely misses you. The gnoll closely misses you.
The gnoll hits you with a +0 spear.
* * * LOW HITPOINT WARNING * * *
You scratch the gnoll but do no damage.
The gnoll is heavily wounded.
The killer bee stings you!
* * * LOW HITPOINT WARNING * * *
The killer bee stings you.
* * * LOW HITPOINT WARNING * * *
The gnoll hits you from afar with a +0 spear.
You die...

##########.._...####
...........8.......
.........._.......
#.!####......####. #..#
#..##### #. #..#
#..########. #..#
#........... #.)#
#...........
..####@y####..########.
.....gggy......# #.
...............# #.
###..########..# #. #..
#..# #. #. #..# #. #
#..########.
#...........
...........


You could see 2 killer bees and 3 gnolls.

Vanquished Creatures
  A two-headed ogre (D:8)
  Maggie (D:7)
  A steam dragon (D:8)
  A water moccasin (D:8)
  An orc warrior (D:6)
  2 sky beasts
  2 ogres
  An ice beast (D:5)
  2 phantoms
  2 centaurs
  A gnoll sergeant (D:9)
  5 bullfrogs
  A scorpion (D:6)
  6 killer bees (D:7)
  5 wights (D:6)
  A howler monkey (D:7)
  2 orc priests
  4 hounds
  A jelly (D:7)
  A bullfrog skeleton (D:4)
  A gnoll shaman (D:6)
  5 orc wizards
  Crazy Yiuf (D:4)
  A centaur skeleton (D:5)
  4 worker ants
  A killer bee zombie (D:8)
  A hound zombie (D:5)
  11 adders
  8 gnolls
  A shadow imp (D:7)
  3 adder skeletons
  An adder zombie (D:9)
  2 worms
  A dart slug (D:3)
  8 leopard geckos
  21 orcs
  A ball python (D:2)
  3 bats
  4 giant cockroaches
  5 goblins
  9 hobgoblins
  13 jackals
  2 quokkas
  5 frilled lizards
  A jackal skeleton (D:4)
  9 kobolds
  A leopard gecko skeleton (D:4)
  2 quokka skeletons
  6 rats
172 creatures vanquished.

Vanquished Creatures (others)
  4 starspawn tentacles (Abyss:2)
4 creatures vanquished.

Grand Total: 176 creatures vanquished

Notes
Turn   | Place    | Note
-------+----------+-------------------------------------------
     0 | Abyss:1  | Borgoz the Ghoul Abyssal Knight began the quest for the
                  | Orb.
     0 | Abyss:1  | Reached XP level 1. HP: 19/19 MP: 1/1
    56 | Abyss:2  | Noticed a tentacled starspawn
    90 | Abyss:2  | Noticed a large abomination
    92 | D:1      | Escaped the Abyss
   196 | D:1      | Reached skill level 1 in Dodging
   209 | D:1      | Reached * piety under Lugonu
   216 | D:1      | Reached XP level 2. HP: 12/26 MP: 2/2
   739 | D:1      | Reached XP level 3. HP: 31/31 MP: 3/3
   824 | D:2      | Reached skill level 3 in Unarmed Combat
  1033 | D:2      | Found a faded altar of an unknown god.
  1084 | D:2      | Found a sacrificial altar of Ru.
  1084 | D:2      | Found an iron altar of Okawaru.
  1161 | D:2      | Reached ** piety under Lugonu
  1539 | D:3      | Reached XP level 4. HP: 35/40 MP: 4/4
  1791 | D:3      | Reached skill level 4 in Unarmed Combat
  1791 | D:3      | Reached XP level 5. HP: 46/46 MP: 5/5
  1840 | D:3      | Learned a level 3 spell: Confusing Touch
  1877 | D:3      | Found a stormy altar of Qazlal.
  2235 | D:4      | Reached XP level 6. HP: 52/52 MP: 6/6
  2271 | D:4      | Found Edaotweo's Book Emporium.
  2603 | D:4      | Reached *** piety under Lugonu
  2662 | D:4      | Noticed a phantom
  2677 | D:4      | Killed a phantom
  2702 | D:4      | Found a runed translucent door.
  2703 | D:4      | Noticed Crazy Yiuf
  3020 | D:4      | Paralysed by Crazy Yiuf for 5 turns
  3026 | D:4      | Killed Crazy Yiuf
  3027 | D:4      | Reached skill level 1 in Spellcasting
  3027 | D:4      | Reached skill level 1 in Hexes
  3027 | D:4      | Reached XP level 7. HP: 20/60 MP: 7/7
  3288 | D:5      | Entered Level 5 of the Dungeon
  3355 | D:5      | Reached skill level 5 in Unarmed Combat
  4245 | D:5      | Reached XP level 8. HP: 52/67 MP: 9/9
  4483 | D:5      | Found a staircase to the Ecumenical Temple.
  4749 | Temple   | Entered the Ecumenical Temple
  5029 | D:6      | Reached skill level 5 in Fighting
  5137 | D:6      | Found Tics's Assorted Antiques.
  5270 | D:6      | Bought a knobbly bronze ring for 150 gold pieces
  5300 | D:6      | Reached skill level 6 in Unarmed Combat
  5599 | D:6      | Reached **** piety under Lugonu
  5885 | D:7      | Reached XP level 9. HP: 50/74 MP: 11/11
  5999 | D:7      | Found a bloodstained altar of Trog.
  6052 | D:7      | Reached skill level 5 in Armour
  6195 | D:7      | Reached skill level 5 in Dodging
  6212 | D:7      | Reached skill level 7 in Unarmed Combat
  6564 | D:7      | Got a twisted leather armour
  6575 | D:7      | Identified the +6 leather armour "Hovej" {*Slow rN+++
                  | Int+2} (You found it on level 7 of the Dungeon)
  6975 | D:7      | Noticed Maggie
  6993 | D:7      | Killed Maggie
  7308 | D:8      | Found a blossoming altar of Fedhas.
  7317 | D:8      | Found a stormy altar of Qazlal.
  7461 | D:8      | Noticed a two-headed ogre
  7473 | D:8      | Killed a two-headed ogre
  7474 | D:8      | Reached skill level 8 in Unarmed Combat
  7474 | D:8      | Reached XP level 10. HP: 28/83 MP: 13/13
  8264 | D:9      | Found a broken altar of Ashenzari.
  8264 | D:9      | Found a shimmering altar of Xom.
  8285 | D:9      | Got an ichor-stained leather armour
  8296 | D:9      | Identified the +5 leather armour of Ennui {rPois rC+ Will+
                  | Str-5} (You found it on level 9 of the Dungeon)
  8335 | D:9      | HP: 2/84 [killer bee (3)]
  8335 | D:9      | Slain by a gnoll

Illustrated notes

Levels and vault maps discovered:
D:1:      dpeg_arrival_water_temple_mockup, layout_basic, minmay_octomino_j4
D:2:      layout_basic, gammafunk_temple_overflow_pools,
          chequers_ecumenical_altar_simple_redux
D:3:      layout_rooms, grunt_qazlal_sundering
D:4:      layout_basic, serial_shops, nicolae_shop_waterfront,
          uniq_crazy_yiuf_cottage
D:5:      layout_layer_cave, temple_hall_moat
D:6:      layout_basic, serial_shops, shop
D:7:      layout_basic, trog_book, uniq_maggie
D:8:      layout_cave_pools, grunt_temple_overflow_forces_of_nature
D:9:      old_forge, layout_small_grid,
          chequers_temple_overflow_statue_of_worship, minivault_19
Temple:   eino_temple_rhombus

Skill      XL: |  1  2  3  4  5  6  7  8  9 10 |
---------------+-------------------------------+-----
Dodging        | 1 2 3 4 5 6 |  6.1
Armour         | 2 3 4 6 |  6.3
Unarmed Combat | 3 4 5 6 8 |  8.2
Fighting       | 4 5 6 |  6.3
Spellcasting   | 1 2 3 |  3.4
Hexes          | 1 2 3 |  3.4
Invocations    | |  2.0

Action                   |  1- 3 |  4- 6 |  7- 9 | 10-12 || total
-------------------------+-------+-------+-------+-------++-------
Melee: Unarmed           |   138 |   190 |   443 |    91 ||   862
       Punch             |     3 |     6 |    11 |     1 ||    21
Invok: Depart the Abyss  |     1 |       |       |       ||     1
  Use: Scroll            |     7 |     4 |     7 |       ||    18
       Potion            |       |       |     5 |     5 ||    10
Armor: Leather armour    |    10 |       |       |       ||    10
       Ring mail         |    38 |    16 |       |       ||    54
       Plate armour      |       |   129 |   345 |    40 ||   514
       Skin              |       |       |       |     9 ||     9
Dodge: Dodged            |    78 |    59 |   142 |    65 ||   344

Table legend: (Time is in decaauts)
 A = Elapsed time spent in this place.
 B = Non-inter-level travel time spent in this place.
 C = Inter-level travel time spent in this place.
 D = Time resting spent in this place.
 E = Time spent auto-exploring this place.
 F = Levels seen in this place.
 G = Mean time per level.
                   A        B        C        D        E       F      G
               +--------+--------+--------+--------+--------+-----+--------+
         Total |   8243 |   7885 |    358 |    830 |   5518 |  12 |  686.9 |
       Dungeon |   8000 |   7661 |    339 |    830 |   5353 |   9 |  888.9 |
        Temple |    150 |    131 |     19 |      0 |    131 |   1 |  150.0 |
         Abyss |     91 |     91 |      0 |      0 |     34 |   2 |   45.5 |
               +--------+--------+--------+--------+--------+-----+--------+

Top non-repeatable levels by time:
     D:5: 1481 daAuts
     D:7: 1431 daAuts
     D:4: 1072 daAuts
     D:6: 881 daAuts
     D:8: 861 daAuts
     D:1: 719 daAuts
     D:3: 702 daAuts
     D:2: 679 daAuts
     D:9: 170 daAuts
  Temple: 150 daAuts
 Abyss:2: 54 daAuts
 Abyss:1: 37 daAuts
